 Dungeon Crawl Stone Soup version 0.27.1-1-g398f81649c (webtiles) character file.

Game seed: 399619997265309952

197 zdrol the Slasher (level 5, -1/46 HPs)
             Began as a Minotaur Fighter on Sept 5, 2021.
             Killed from afar by an orc wizard (9 damage)
             ... with a puff of flame
             ... on level 3 of the Dungeon.
             The game lasted 00:08:14 (1534 turns).

zdrol the Slasher (Minotaur Fighter)                Turns: 1534, Time: 00:08:15

Health: -1/46      AC: 11    Str: 22    XL:     5   Next: 46%
Magic:  4/4        EV:  8    Int:  8    God:
Gold:   44         SH:  9    Dex: 11    Spells: 4/4 levels left

rFire    . . .     SeeInvis .   a - +0 long sword
rCold    . . .     Faith    .   c - +0 kite shield
rNeg     . . .     Spirit   .   h - +4 ring mail {rPois}
rPois    +         Reflect  .   (helmet restricted)
rElec    .         Harm     .   (no cloak)
rCorr    .         Rampage  .   f - +0 pair of gloves
Will     .....                  (no boots)
Stlth    +.........             e - amulet "Hozer" {Acrobat Str+2 Int+3}
HPRegen  0.15/turn              (no ring)
MPRegen  0.09/turn              (no ring)

@: no status effects
A: horns 2, retaliatory headbutt
a: no special abilities


You were on level 3 of the Dungeon.
You visited 1 branch of the dungeon, and saw 3 of its levels.

You collected 44 gold pieces.

Inventory:

Hand Weapons
 a - a +0 long sword (weapon)
Missiles
 m - 3 boomerangs (quivered)
Armour
 c - a +0 kite shield (worn)
 f - a +0 pair of gloves (worn)
 h - a +4 ring mail of poison resistance (worn)
Jewellery
 e - the amulet "Hozer" (around neck) {Acrobat Str+2 Int+3}
   (You acquired it on level 1 of the Dungeon)

   [amulet of the acrobat]

   It increases your evasion while moving and waiting.
   Str:       It affects your strength (+2).
   Int:       It affects your intelligence (+3).
 j - a ring of ice
Scrolls
 g - a scroll of identify
 l - a scroll of fear {unknown}
Potions
 b - a potion of berserk rage
 d - a potion of might
 i - 2 potions of curing
 k - a potion of brilliance {unknown}
 n - a potion of flight {unknown}


   Skills:
 - Level 3.8 Fighting
 * Level 6.0 Long Blades
 - Level 4.2 Armour
 - Level 4.2 Shields


You had 4 spell levels left.
You didn't know any spells.
Your spell library was empty.

Dungeon Overview and Level Annotations

Branches:
Dungeon (3/15)

Altars:


Innate Abilities, Weirdness & Mutations

You have a pair of horns on your head.
You reflexively headbutt those who attack you in melee.


Message History

Something hits you but does no damage. Something hits you.
You're too confused to move!
The orc priest hits you with a +0 hand axe.
Something hits you but does no damage. x2
You completely miss the orc priest.
The orc priest is heavily wounded.
The orc priest closely misses you. Something hits you but does no damage.
Something hits you.
The orc priest hits you with a +0 hand axe.
* * * LOW HITPOINT WARNING * * *
Unknown command.
You slash the orc priest!
You kill the orc priest!
An orc wizard appears from thin air!
Reactivating autopickup.
The orc wizard closely misses you.
The orc wizard hits you but does no damage.
Your Long Blades skill increases to level 6!
You hit the orc wizard.
The orc wizard is lightly wounded.
You feel less confused.
The orc wizard hits you with a +0 dagger of speed.
* * * LOW HITPOINT WARNING * * *
The orc wizard hits you with a +0 dagger of speed.
* * * LOW HITPOINT WARNING * * *
You barely miss the orc wizard. Your headbutt misses the orc wizard.
The orc wizard is lightly wounded.
The orc wizard hits you but does no damage. x2
Your ring mail prevents you from hitting the orc wizard.
You headbutt the orc wizard.
The orc wizard is heavily wounded.
The orc wizard hits you but does no damage.
You block the orc wizard's attack.
You hit the orc wizard.
The orc wizard is severely wounded.
You block the orc wizard's attack.
The orc wizard points at you and mumbles some strange words.
The puff of flame hits you!
You die...

........##..♣.....#
......#.##........#
.......##.....)..#
...............###
...............#
...............#
..........)....#
.#....o).....#
#...@.......#
...........#####
...........#
...........#
...........#
...........#
#..........#
...........#
........#


You could see an orc wizard.

Vanquished Creatures
  A scorpion (D:2)
  An orc priest (D:3)
  Jessica (D:2)
  3 adders (D:2)
  An ufetubus (D:2)
  A worm (D:2)
  2 dart slugs (D:1)
  An orc (D:3)
  3 endoplasms
  3 giant cockroaches
  5 hobgoblins
  5 kobolds
  4 quokkas
  2 ball pythons (D:2)
  3 bats
  2 frilled lizards
  8 goblins
  4 rats
50 creatures vanquished.

Notes
Turn   | Place    | Note
-------+----------+-------------------------------------------
     0 | D:1      | zdrol the Minotaur Fighter began the quest for the Orb.
     0 | D:1      | Reached XP level 1. HP: 19/19 MP: 0/0
   115 | D:1      | Reached XP level 2. HP: 27/27 MP: 1/1
   243 | D:1      | Identified a scroll of acquirement
   243 | D:1      | Acquired the amulet "Hozer" {Acrobat Str+2 Int+3}
   659 | D:2      | Reached XP level 3. HP: 33/33 MP: 2/2
   678 | D:2      | Reached skill level 3 in Long Blades
   710 | D:2      | Noticed Jessica
   722 | D:2      | Killed Jessica
   723 | D:2      | Reached skill level 4 in Long Blades
   723 | D:2      | Reached XP level 4. HP: 30/40 MP: 3/3
  1151 | D:3      | Noticed a scorpion
  1176 | D:2      | Killed a scorpion
  1177 | D:2      | Reached skill level 5 in Long Blades
  1177 | D:2      | Reached XP level 5. HP: 25/46 MP: 4/4
  1530 | D:3      | Reached skill level 6 in Long Blades
  1534 | D:3      | Killed from afar by an orc wizard

Illustrated notes

Levels and vault maps discovered:
D:1:      minmay_arrival_hallway, layout_loops_ring
D:2:      layout_basic, uniq_jessica
D:3:      layout_basic, gammafunk_ghost_stat_death, chequers_garden

Skill      XL: |  1  2  3  4  5 |
---------------+----------------+-----
Armour         | 4 |  4.2
Shields        | 4 |  4.2
Long Blades    | 4 5 6 |  6.0
Fighting       | |  3.8

Action                   |  1- 3 |  4- 6 || total
-------------------------+-------+-------++-------
Melee: Long sword        |    52 |    47 ||    99
       Headbutt          |    15 |     8 ||    23
Throw: Boomerang         |       |     2 ||     2
  Use: Scroll            |     1 |     2 ||     3
Armor: Scale mail        |     9 |       ||     9
       Ring mail         |     9 |    50 ||    59
Dodge: Dodged            |    17 |    28 ||    45
Block: Kite shield       |    29 |    48 ||    77
       Rpst.: Long sword |     4 |     7 ||    11
